 Dungeon Crawl Stone Soup version 0.25.0-65-g31bcc41 (webtiles) character file.

672707 Dorkslayer the Hoplite (level 27, -8/154 HPs)
             Began as a Gargoyle Fighter on Nov 12, 2020.
             Was the Champion of the Shining One.
             Killed from afar by an orb of fire (23 damage)
             ... with a fireball
             ... in the Realm of Zot.
             The game lasted 01:47:38 (14493 turns).

Dorkslayer the Hoplite (Gargoyle Fighter)          Turns: 14493, Time: 01:47:39

Health: -8/154     AC: 48    Str: 49    XL:     27
Magic:  21/25      EV: 16    Int:  8    God:    the Shining One [******]
Gold:   1444       SH: 38    Dex: 16    Spells: 26/26 levels left

rFire    + + .     SeeInvis .   X - +9 scimitar "Tarraynt" {slice, Str+4 Int-3 Stlth+}
rCold    . . .     Gourm    .   c - +4 shield
rNeg     + + +     Faith    .   y - +5 chain mail "Gakipomn" {Str+9 Int+3}
rPois    ∞         Spirit   .   A - +0 helmet
rElec    +         Reflect  .   k - scarf {cloud immunity}
rCorr    .         Harm     .   I - +2 pair of gloves {Str+3}
MR       ++++.     Rnd*Rage +   v - +2 pair of boots {run}
Stlth    ..........             Y - necklace of Bloodlust {*Rage +Rage MR++ Int-3 Slay+6 *Curse}
HPRegen  0.35/turn              s - ring of Kegintat {+Blink rElec rF+ Str+2 Int-4 Dex+4}
MPRegen  0.19/turn              L - ring "Atofaxta" {Str+3 Int+4 Dex+4}

@: divine shield, flying, glowing, quick
A: big wings, icy blue scales 2, berserk 2, blink, clumsy 1, deformed body,
deterioration 2, fire resistance 1, frail 2, low mp 3, negative energy
resistance 1, shaggy fur 1, electricity resistance, weak 1, unbreathing,
petrification resistance, rot immunity, AC +20
}: 2/15 runes: barnacled, gossamer
a: Stop Flying, Blink, Divine Shield, Cleansing Flame, Summon Divine Warrior,
Brand Weapon With Holy Wrath, Renounce Religion, Evoke Blink, Evoke Berserk Rage


You were in the Realm of Zot.
You worshipped the Shining One.
The Shining One was exalted by your worship.
You were full.

You visited 9 branches of the dungeon, and saw 11 of its levels.
You visited the Abyss 1 time.
You visited 1 bazaar.

You collected 3725 gold pieces.
You spent 2281 gold pieces at shops.

Inventory:

Hand Weapons
 b - a +3 scimitar of flaming
 i - a +6 scimitar of holy wrath
 X - the +9 scimitar "Tarraynt" (weapon) {slice, Str+4 Int-3 Stlth+}
   (You took it off a deep elf sorcerer in the Elven Halls)

   It inflicts extra damage upon your enemies.
   It affects your strength (+4).
   It affects your intelligence (-3).
   It makes you more stealthy.
Missiles
 m - 5 steel javelins (quivered)
 o - 8 javelins
 C - 6 tomahawks of returning
Armour
 c - a +4 shield (worn)
 k - a scarf of cloud immunity (worn)
 v - a +2 pair of boots of running (worn)
 y - the +5 chain mail "Gakipomn" (worn) {Str+9 Int+3}
   (You found it in the Spider Nest)

   It affects your strength (+9).
   It affects your intelligence (+3).
 A - a +0 helmet (worn)
 I - a +2 pair of gloves of strength (worn)
Jewellery
 s - the ring of Kegintat (left hand) {+Blink rElec rF+ Str+2 Int-4 Dex+4}
   (You found it in the Elven Halls)

   [ring of intelligence]

   It affects your strength (+2).
   It affects your intelligence (-4).
   It affects your dexterity (+4).
   It protects you from fire.
   It insulates you from electricity.
   It lets you blink.
 L - the ring "Atofaxta" (right hand) {Str+3 Int+4 Dex+4}
   (You bought it in a shop in the Orcish Mines)

   [ring of dexterity]

   It affects your strength (+3).
   It affects your intelligence (+4).
   It affects your dexterity (+4).
 Y - the necklace of Bloodlust (around neck) {*Rage +Rage MR++ Int-3 Slay+6 *Curse}
   (You took it off a deep elf high priest in the Elven Halls)

   [amulet of rage]

   It affects your intelligence (-3).
   It affects your accuracy and damage with ranged weapons and melee attacks
   (+6).
   It affects your resistance to hostile enchantments.
   It lets you go berserk.
   It may make you go berserk in combat.
   It curses itself when equipped.
Wands
 q - a wand of acid (15)
 r - a wand of digging (1)
 t - a wand of paralysis (12)
 D - a wand of enslavement (4)
 E - a wand of flame (115)
 M - a wand of disintegration (7)
 O - a wand of iceblast (3)
Scrolls
 j - 4 scrolls of identify
 l - a scroll of teleportation
 n - 7 scrolls of remove curse
 H - 3 scrolls of fear
 J - a scroll of immolation
 K - 5 scrolls of silence
 Q - 3 scrolls of magic mapping
 V - a scroll of summoning
 Z - a scroll of fog
Potions
 a - 3 potions of haste
 d - 2 potions of cancellation
 e - 4 potions of ambrosia
 g - 5 potions of curing
 p - 4 potions of brilliance
 u - 3 potions of mutation
 w - 4 potions of might
 x - 3 potions of agility
 F - 2 potions of magic
 S - a potion of invisibility {unknown}
Miscellaneous
 h - a phial of floods
 z - 3 boxes of beasts
 B - a lamp of fire
 N - a phantom mirror
 P - a lightning rod (4/4)
 T - a fan of gales
Comestibles
 f - 40 rations


   Skills:
 * Level 25.4 Fighting
 + Level 18.8 Long Blades
 + Level 13.4 Throwing
 + Level 15.7 Armour
 + Level 8.3 Dodging
 + Level 3.1 Stealth
 + Level 26.5 Shields
 + Level 17.2 Invocations
 * Level 17.6 Evocations


You had 26 spell levels left.
You didn't know any spells.
Your spell library contained the following spells:

 Spells                   Type           Power        Failure   Level  Hunger
 Animate Skeleton         Necr           N/A          65%         1    ##.....
 Beastly Appendage        Tmut           #.....       65%         1    ##.....
 Flame Tongue             Conj/Fire      #....        65%         1    ##.....
 Pain                     Necr           #...         65%         1    ##.....
 Sticks to Snakes         Tmut           #.......     80%         2    ###....
 Ignite Poison            Fire/Tmut/Pois #.......     95%         3    ####...
 Regeneration             Chrm/Necr      #.........   95%         3    ####...
 Spider Form              Tmut/Pois      #.........   95%         3    ####...
 Vampiric Draining        Necr           #.........   95%         3    ####...
 Animate Dead             Necr           N/A          100%        4    #####..
 Cause Fear               Hex            #.........   100%        4    #####..
 Ice Form                 Ice/Tmut       #.......     100%        4    #####..
 Summon Lightning Spire   Summ/Air       #.......     100%        4    #####..
 Blade Hands              Tmut           #.........   100%        5    ######.
 Fireball                 Conj/Fire      #.........   100%        5    ######.
 Irradiate                Conj/Tmut      #.........   100%        5    ######.
 Silence                  Hex/Air        #.........   100%        5    ######.
 Bolt of Fire             Conj/Fire      #.........   100%        6    #######
 Conjure Ball Lightning   Conj/Air       #.........   100%        6    #######
 Deflect Missiles         Chrm/Air       #.........   100%        6    #######
 Hydra Form               Tmut           #.........   100%        6    #######
 Dragon Form              Tmut           #.........   100%        7    #######
 Malign Gateway           Summ/Tloc      #.........   100%        7    #######
 Monstrous Menagerie      Summ           #.........   100%        7    #######
 Ring of Flames           Chrm/Fire      #.........   100%        7    #######
 Summon Greater Demon     Summ           #.........   100%        7    #######
 Ignition                 Fire           #.........   100%        8    #######
 Summon Horrible Things   Summ           #.........   100%        8    #######
 Dragon's Call            Summ           #.........   100%        9    #######
 Tornado                  Air            #.........   100%        9    #######
 Statue Form              Tmut/Erth      Unusable     N/A         6    N/A

Dungeon Overview and Level Annotations

Branches:
Dungeon (3/3)              Temple (1/1) D:1          Shoals (1/1) D:3
 Spider (1/1) D:2           Slime (1/1) D:2             Orc (1/1) D:2
    Elf (1/1) Orc          Vaults (0/1) D:2          Depths (1/1) D:3
    Zot (1/1) Depths

Altars:
Ashenzari
Cheibriados
Dithmenos
Elyvilon
Fedhas
Gozag
Hepliaklqana
Kikubaaqudgha
Nemelex Xobeh
Okawaru
Qazlal
Ru
Sif Muna
Trog
Uskayaw
Vehumet
Wu Jian
Xom
Yredelemnul
Zin
The Shining One
Beogh
Lugonu

Shops:
Orc =:(!!   Elf :   Shoals *   Depths !

Portals:
Hell:
Depths
Abyss:
Depths
Pandemonium: Orc Depths


Innate Abilities, Weirdness & Mutations

You are resistant to torment.
Your stone body is resilient. (AC +20)
You are immune to poison.
Your large and strong wings let you fly indefinitely.
You resist negative energy. (rN+)
You are resistant to electric shocks. (rElec)
You can survive without breathing.
You are immune to petrification.
You are immune to rotting.
You are mostly covered in icy blue scales. (AC +3)
You often lose your temper in combat.
You can translocate small distances at will.
You are clumsy. (Dex -2)
Armour fits poorly on your strangely shaped body.
Your body often deteriorates upon taking damage.
Your flesh is heat resistant. (rF+)
You are very frail. (-20% HP)
Your magical capacity is extremely low. (-30% MP)
You are covered in fur. (AC +1)
You are weak. (Str -2)


Message History

Your surroundings suddenly seem different.
An Orb Guardian comes into view.
The orb of fire glows yellow.
The fireball explodes!
The fireball engulfs you! You resist.
* * * LOW HITPOINT WARNING * * *
The fireball engulfs the orb of fire.
The orb of fire completely resists.
You hear a distant "Zot"!
You carve the orb of fire like a ham!!!
The orb of fire is heavily damaged.
The orb of fire glows red.
Strange energies course through your body.
You feel frail.
The orb of fire emits a lurid red light.
The fireball explodes!
The fireball engulfs you! You resist.
* * * LOW HITPOINT WARNING * * *
The fireball engulfs the orb of fire.
The orb of fire completely resists.
You feel better.
The orb of fire emits a lurid red light.
The fireball explodes!
The fireball engulfs you! You resist.
You die...

.....(###.#....#........####....#
..#....#..#######....#..#..##....
.###...#...# #...⌠.###.##..##...
(..#.......# *#.....#...##...##..
...#......## #....##......⌠#.....
.....#....# #....#.....##.#..##.
########▓▓▓ ########[########▓▓▓▓
,,,,,,,** #....).X(.......# *
...,,,,,** ##..@..........## **
.........## #..*......(...# **,
..........# ##...........## *,,
..........# #...........# *,,
..........# ##...........## *,,
..........# #.............# *,,
..........# ##...........).## *,,
..^.^.....###...............##*,,
..[k.....###...###########...###,


You could see an orb of fire and an Orb Guardian.

Vanquished Creatures
  4 ancient liches (Zot)
  An orb of fire (Zot)
  2 Killer Klowns (Zot)
  2 golden dragons
  3 electric golems (Zot)
  10 Orb Guardians (Zot)
  A tentacled monstrosity (Zot)
  3 deep elf blademasters (Elf)
  2 quicksilver dragons (Zot)
  2 deep elf master archers (Elf)
  A death cob (Zot)
  A shadow dragon (Zot)
  A sphinx (D:2)
  A draconian monk (Zot)
  2 storm dragons (Zot)
  A tengu reaver (Depths)
  3 draconian knights
  A fire giant (Depths)
  A draconian scorcher (Depths)
  3 deep elf sorcerers (Elf)
  Louise (Depths)
  A cacodemon (Abyss:3)
  A spriggan defender (Depths)
  3 ghost moths (Spider)
  5 emperor scorpions (Spider)
  A draconian stormcaller (Zot)
  4 deep elf elementalists (Elf)
  A draconian annihilator (Zot)
  2 green draconians (Zot)
  4 deep elf demonologists (Elf)
  3 deep elf annihilators (Elf)
  2 stone giants (Depths)
  2 black draconians (Zot)
  6 red draconians
  3 white draconians
  2 yellow draconians
  3 purple draconians (Zot)
  A dire elephant (D:3)
  A spark wasp (Spider)
  2 deep elf death magi (Elf)
  An ettin (Depths)
  4 merfolk impalers (Shoals)
  4 deep elf high priests (Elf)
  A great orb of eyes (Depths)
  5 fire dragons
  2 ice dragons (Depths)
  A spriggan air mage (Depths)
  3 merfolk avatars (Shoals)
  A rakshasa (D:3)
  A vault guard (D:2)
  3 hydras (D:3)
  2 centaur warriors (D:3)
  A merfolk aquamancer (Shoals)
  A tengu warrior (D:3)
  A deep troll earth mage (Depths)
  9 dancing weapons (Elf)
  8 deep elf knights (Elf)
  6 orc high priests (Orc)
  A sixfirhy (Abyss:3)
  3 hell knights (Depths)
  2 wretched stars
  5 sea snakes (Shoals)
  A wizard (Abyss:3)
  3 infernal demonspawn (Orc)
  An obsidian statue (Elf)
  An orange crystal statue (Elf)
  2 deep elf archers
  2 necromancers (Depths)
  6 orc knights
  3 oklob plants (D:2)
  11 wolf spiders
  7 harpies (Shoals)
  12 orb spiders (Spider)
  6 orc sorcerers (Orc)
  4 manticores
  5 cyclopes
  8 deep elf magi (Elf)
  6 ugly things
  6 moths of wrath
  A manticore (shapeshifter) (Depths)
  2 fauns (Shoals)
  8 merfolk sirens (Shoals)
  A water nymph (Shoals)
  2 rust devils (Depths)
  A naga mage (D:3)
  2 orange demons
  A gargoyle (D:3)
  2 centaur skeletons (D:2)
  A yaktaur (D:3)
  7 demonic crawlers (Spider)
  3 ice devils (Orc)
  2 ancient zymes (Abyss:3)
  A tormentor (Depths)
  6 harpy zombies (Shoals)
  10 merfolk (Shoals)
  10 jumping spiders (Spider)
  A meliai (shapeshifter) (Abyss:3)
  3 wind drakes (Shoals)
  A polar bear (shapeshifter) (D:3)
  13 hornets
  3 red devils
  4 dream sheep (Shoals)
  4 snapping turtles (Shoals)
  A dream sheep (shapeshifter) (Abyss:3)
  A hippogriff (Shoals)
  Sigmund (D:2)
  17 redbacks
  A wyvern (D:2)
  2 spriggans (Depths)
  2 air elementals (Elf)
  9 tarantellas (Spider)
  2 fire elementals (Elf)
  A yak (D:1)
  A wraith (D:3)
  A ynoxinul (Abyss:3)
  3 water elementals (Shoals)
  A vampire mosquito (D:2)
  A neqoxec (Orc)
  2 wargs (Orc)
  A harpy simulacrum (D:3)
  2 spatial vortices (Abyss:3)
  An acid dragon (shapeshifter) (D:3)
  26 orc warriors
  An ice beast (D:2)
  5 centaurs
  6 ogres
  A crocodile (D:2)
  A hippogriff zombie (Shoals)
  2 earth elementals (Elf)
  A water moccasin skeleton (D:1)
  A howler monkey (D:2)
  A hound (D:1)
  21 orc priests
  14 orc wizards
  2 worker ants
  A killer bee zombie (D:1)
  A hound zombie (D:1)
  An adder (D:2)
  A shadow imp (D:2)
  An ooze (D:1)
  A leopard gecko (D:1)
  36 orcs
  4 jackals (D:1)
  A quokka (D:1)
  A jackal zombie (D:1)
  A crawling corpse (Elf)
  2 demonic plants (Temple)
  7 plants (Shoals)
521 creatures vanquished.

Vanquished Creatures (collateral kills)
  A deep elf sorcerer (Elf)
  A deep elf elementalist (Elf)
  A deep elf annihilator (Elf)
  A deep elf death mage (Elf)
  2 deep elf high priests (Elf)
  A dancing weapon (Elf)
  A crawling corpse (Elf)
8 creatures vanquished.

Vanquished Creatures (others)
  4 moths of wrath (Zot)
  A water elemental (Elf)
  21 plants (Shoals)
26 creatures vanquished.

Grand Total: 555 creatures vanquished

Notes
Turn   | Place    | Note
-------+----------+-------------------------------------------
     0 | D:1      | Dorkslayer the Gargoyle Fighter began the quest for the
                  | Orb.
     0 | D:1      | Reached XP level 1. HP: 14/14 MP: 1/1
    32 | D:1      | Reached XP level 2. HP: 19/19 MP: 2/2
    45 | D:1      | Noticed an ogre
    64 | D:1      | Reached XP level 3. HP: 21/24 MP: 3/3
    68 | D:1      | Killed an ogre
    68 | D:1      | Reached skill level 5 in Fighting
    68 | D:1      | Reached skill level 5 in Armour
    68 | D:1      | Reached skill level 5 in Shields
    68 | D:1      | Reached XP level 4. HP: 16/31 MP: 4/4
    68 | D:1      | Reached XP level 5. HP: 18/35 MP: 5/5
    68 | D:1      | Reached XP level 6. HP: 20/40 MP: 6/6
    68 | D:1      | Reached XP level 7. HP: 23/44 MP: 7/7
   101 | D:1      | Found an ornate altar of the Wu Jian Council.
   112 | D:1      | Reached skill level 1 in Dodging
   363 | D:1      | Found a hide-covered altar of Uskayaw.
   366 | D:1      | Found a stormy altar of Qazlal.
   460 | D:1      | Found a stormy altar of Qazlal.
   462 | D:1      | Found an ornate altar of the Wu Jian Council.
   462 | D:1      | Found a sparkling altar of Nemelex Xobeh.
   474 | D:1      | Reached skill level 6 in Shields
   474 | D:1      | Reached XP level 8. HP: 25/51 MP: 8/8
   480 | D:1      | Found a hazy altar of Hepliaklqana.
   480 | D:1      | Found a shimmering altar of Xom.
   480 | D:1      | Found a shimmering altar of Xom.
   672 | D:1      | Found a deep blue altar of Sif Muna.
   736 | D:1      | Found a staircase to the Ecumenical Temple.
   766 | Temple   | Entered the Ecumenical Temple
   826 | Temple   | Became a worshipper of the Shining One
   860 | D:1      | Found a glowing silver altar of Zin.
   869 | D:1      | Reached skill level 5 in Long Blades
   875 | D:1      | Reached * piety under the Shining One
   875 | D:1      | Reached XP level 9. HP: 43/56 MP: 9/9
   954 | D:1      | Reached skill level 1 in Stealth
   954 | D:1      | Reached skill level 7 in Shields
  1112 | D:1      | Found a blossoming altar of Fedhas.
  1160 | D:1      | Found a basalt altar of Yredelemnul.
  1205 | D:1      | Found a radiant altar of Vehumet.
  1253 | D:1      | Reached XP level 10. HP: 56/63 MP: 10/10
  1271 | D:1      | Found a hazy altar of Hepliaklqana.
  1283 | D:1      | Found a faded altar of an unknown god.
  1283 | D:1      | Found a sacrificial altar of Ru.
  1296 | D:1      | Found a bloodstained altar of Trog.
  1298 | D:1      | Found a white marble altar of Elyvilon.
  1300 | D:1      | Found a faded altar of an unknown god.
  1376 | D:1      | Reached ** piety under the Shining One
  1455 | D:1      | Found a shattered altar of Ashenzari.
  1458 | D:1      | Reached skill level 1 in Invocations
  1657 | D:2      | Noticed a cyclops
  1662 | D:2      | Noticed a purple ugly thing
  1695 | D:1      | Killed a purple ugly thing
  1695 | D:1      | Reached skill level 8 in Shields
  1793 | D:2      | Killed a cyclops
  1793 | D:2      | Reached skill level 10 in Long Blades
  1793 | D:2      | Reached XP level 11. HP: 68/68 MP: 11/14
  1866 | D:2      | Reached skill level 5 in Invocations
  1869 | D:2      | Found a hole to the Spider Nest.
  2036 | D:2      | Noticed a white ugly thing
  2036 | D:2      | Reached *** piety under the Shining One
  2052 | D:2      | Gained mutation: You tend to lose your temper in combat.
                  | [potion of mutation]
  2052 | D:2      | Gained mutation: You are frail. (-10% HP) [potion of
                  | mutation]
  2052 | D:2      | Gained mutation: You are somewhat resistant to further
                  | mutation. [potion of mutation]
  2062 | D:2      | Killed a white ugly thing
  2062 | D:2      | Reached skill level 9 in Shields
  2062 | D:2      | Reached skill level 1 in Evocations
  2062 | D:2      | Reached XP level 12. HP: 18/67 MP: 12/16
  2356 | D:2      | Noticed Sigmund
  2366 | D:2      | Killed Sigmund
  2379 | D:2      | Lost mutation: You are frail. (-10% HP) [potion of
                  | mutation]
  2379 | D:2      | Lost mutation: You are somewhat resistant to further
                  | mutation. [potion of mutation]
  2379 | D:2      | Gained mutation: You can translocate small distances at
                  | will. [potion of mutation]
  2379 | D:2      | Gained mutation: You evolve. [potion of mutation]
  2379 | D:2      | Gained mutation: You are covered in fur. (AC +1) [potion of
                  | mutation]
  2379 | D:2      | Gained mutation: You are partially covered in icy blue
                  | scales. (AC +2) [potion of mutation]
  2557 | D:2      | Found a gate to the Vaults.
  2557 | D:2      | Noticed a vault guard
  2579 | D:2      | Killed a vault guard
  2624 | D:2      | Found a staircase to the Orcish Mines.
  2703 | D:2      | Found a roughly hewn altar of Beogh.
  2721 | D:2      | Found a staircase to the Slime Pits.
  2721 | D:2      | Reached **** piety under the Shining One
  2986 | D:2      | Noticed a sphinx
  3003 | D:2      | Killed a sphinx
  3003 | D:2      | Reached skill level 10 in Shields
  3003 | D:2      | Reached skill level 5 in Evocations
  3003 | D:2      | Reached XP level 13. HP: 69/82 MP: 16/19
  3145 | D:2      | Reached skill level 10 in Fighting
  3434 | Orc      | Entered the Orcish Mines
  3434 | Orc      | Found a staircase to the Elven Halls.
  3599 | Orc      | Reached skill level 1 in Throwing
  3722 | Orc      | Gained mutation: Your large and strong wings let you fly
                  | indefinitely. [Gargoyle growth]
  3722 | Orc      | Reached XP level 14. HP: 81/88 MP: 16/20
  3733 | Orc      | Found Suukk's Jewellery Boutique.
  3833 | Orc      | Reached skill level 10 in Armour
  3833 | Orc      | Reached skill level 11 in Shields
  4075 | Orc      | Reached ***** piety under the Shining One
  4484 | Orc      | Found Inaff's Distillery.
  4492 | Orc      | Found Deivugh's Distillery.
  4509 | Orc      | Reached ****** piety under the Shining One
  4545 | Orc      | Gained mutation: Your flesh is heat resistant. (rF+)
                  | [evolution]
  4634 | Orc      | Reached XP level 15. HP: 96/96 MP: 19/21
  4648 | Orc      | Reached skill level 12 in Shields
  4670 | Orc      | Bought a potion of heal wounds for 75 gold pieces
  4670 | Orc      | Bought a potion of curing for 45 gold pieces
  4739 | Orc      | Reached skill level 5 in Throwing
  4843 | Orc      | Reached skill level 10 in Invocations
  4854 | Orc      | Reached skill level 13 in Shields
  4854 | Orc      | Reached XP level 16. HP: 103/103 MP: 7/23
  4924 | Orc      | Paralysed by an orc sorcerer for 2 turns
  5106 | Orc      | Found Osoczo's Antique Weapon Emporium.
  5106 | Orc      | Found a one-way gate leading to the halls of Pandemonium.
  5106 | Orc      | Found Dolu Fooriu's Book Shoppe.
  5131 | Orc      | Bought a slimy long sword for 238 gold pieces
  5131 | Orc      | Bought a crude broad axe for 252 gold pieces
  5131 | Orc      | Identified the +7 long sword of Yredelemnul's Wrath {drain,
                  | rN++ Dex+4 Stlth-} (You bought it in a shop in the Orcish
                  | Mines)
  5134 | Orc      | Identified the +2 broad axe "Oblidu" {chop, *Contam rC+
                  | SInv} (You bought it in a shop in the Orcish Mines)
  5188 | Orc      | Bought a potion of haste for 150 gold pieces
  5188 | Orc      | Bought a potion of curing for 45 gold pieces
  5369 | Slime    | Entered the Pits of Slime
  5396 | Spider   | Entered the Spider Nest
  5691 | D:3      | Entered Level 3 of the Dungeon
  5862 | D:3      | Reached skill level 14 in Shields
  5956 | D:3      | Found a staircase to the Depths.
  5994 | D:3      | Reached XP level 17. HP: 107/110 MP: 25/25
  6134 | D:3      | Found a faded altar of an unknown god.
  6349 | D:3      | Identified a +1 pair of boots of running (You found it on
                  | level 3 of the Dungeon)
  6376 | D:3      | Reached skill level 15 in Shields
  6657 | D:3      | Reached XP level 18. HP: 95/118 MP: 24/26
  6730 | D:3      | Lost mutation: You evolve. [end of evolution]
  6824 | D:3      | Found a staircase to the Shoals.
  7024 | Shoals   | Entered the Shoals
  7070 | Shoals   | Reached skill level 15 in Fighting
  7128 | Shoals   | Reached skill level 16 in Shields
  7132 | Shoals   | Reached skill level 5 in Dodging
  7163 | Shoals   | Found Zosoopt's General Store.
  7190 | Shoals   | Reached XP level 19. HP: 82/124 MP: 27/27
  7209 | Shoals   | Reached skill level 10 in Throwing
  7224 | Shoals   | Reached skill level 15 in Long Blades
  7323 | Shoals   | Bought a scroll of identify for 38 gold pieces
  7323 | Shoals   | Bought a potion of agility for 76 gold pieces
  7449 | Shoals   | Reached skill level 17 in Shields
  7565 | Shoals   | Found a gateway to a bazaar.
  7782 | Shoals   | Got a barnacled rune of Zot
  7929 | Shoals   | Reached XP level 20. HP: 126/132 MP: 28/28
  8231 | Shoals   | Bought a scroll of identify for 38 gold pieces
  8261 | Bazaar   | Entered a bazaar
  8261 | Bazaar   | Found Ziothal's Assorted Antiques.
  8261 | Bazaar   | Found Mijaliesk's Weapon Emporium.
  8261 | Bazaar   | Found Fiaxau Fong's Distillery.
  8412 | Orc      | Bought the ring "Atofaxta" {Str+3 Int+4 Dex+4} for 681 gold
                  | pieces
  8448 | Elf      | Entered the Elven Halls
  8504 | Elf      | Found an ancient bone altar of Kikubaaqudgha.
  8526 | Elf      | Reached skill level 18 in Shields
  8727 | Elf      | Found Jeech's Book Emporium.
  8767 | Elf      | Reached skill level 10 in Evocations
  8842 | Elf      | Reached XP level 21. HP: 115/138 MP: 27/30
  8875 | Elf      | Reached skill level 19 in Shields
  8923 | Elf      | Reached XP level 22. HP: 40/145 MP: 3/32
  9453 | Elf      | Cast into level 2 of the Abyss (a deep elf demonologist)
  9625 | Elf      | Escaped the Abyss
  9698 | Elf      | Identified the +2 long sword of Trog's Whim {holy, Dex+2}
  9705 | Elf      | Reached XP level 23. HP: 152/152 MP: 33/33
  9712 | Elf      | Identified the +9 scimitar "Tarraynt" {slice, Str+4 Int-3
                  | Stlth+}
  9712 | Elf      | Identified the cursed ring of Butchery {rElec rC- EV-3
                  | Str-2 Dex+9}
  9717 | Elf      | Reached skill level 20 in Shields
  9734 | Elf      | Identified the ring "Pooteoc" {rPois rN+ Dex+5}
  9853 | Elf      | Identified the +4 rapier "Uzxekar" {holy, rPois MR+}
  9918 | Elf      | Got a clouded tin ring
  9932 | Elf      | Identified the cursed ring of Kegintat {+Blink rElec rF+
                  | Str+2 Int-4 Dex+4} (You found it in the Elven Halls)
  9982 | Elf      | Found the ring of the Mage {Wiz MR++ Int+3}
 10233 | Elf      | Reached skill level 15 in Invocations
 10507 | Spider   | Got a faintly glowing chain mail
 10537 | Spider   | Identified the +5 chain mail "Gakipomn" {Str+9 Int+3} (You
                  | found it in the Spider Nest)
 10723 | Spider   | Reached XP level 24. HP: 160/160 MP: 34/34
 10859 | Spider   | Reached skill level 21 in Shields
 10927 | Spider   | Reached XP level 25. HP: 165/168 MP: 4/34
 11075 | Spider   | Got a gossamer rune of Zot
 11423 | Orc      | Bought a potion of haste for 130 gold pieces
 11423 | Orc      | Bought a potion of haste for 130 gold pieces
 11425 | Orc      | Bought a potion of might for 60 gold pieces
 11579 | Depths   | Entered the Depths
 11617 | Depths   | Noticed Louise
 11640 | Depths   | Found a one-way gate to the infinite horrors of the Abyss.
 11645 | Depths   | Killed Louise
 11645 | Depths   | Reached skill level 22 in Shields
 12214 | Depths   | Reached XP level 26. HP: 176/176 MP: 34/34
 12217 | Depths   | Found a gate to the Realm of Zot.
 12392 | Depths   | Identified the +8 short sword "Pomonuego" {speed, +Rage
                  | rElec Int+3} (You found it in the Depths)
 12400 | Depths   | Found a gateway to Hell.
 12662 | Depths   | Found Elaom's Distillery.
 12700 | Depths   | Reached skill level 23 in Shields
 13026 | Depths   | Bought a potion of curing for 51 gold pieces
 13026 | Depths   | Bought a potion of curing for 51 gold pieces
 13026 | Depths   | Bought a potion of curing for 51 gold pieces
 13026 | Depths   | Bought a potion of haste for 170 gold pieces
 13051 | Zot      | Entered the Realm of Zot
 13167 | Zot      | Reached skill level 15 in Evocations
 13176 | Zot      | Reached XP level 27. HP: 184/184 MP: 35/35
 13294 | Zot      | Identified the +8 quarterstaff "Wyttats" {venom, rF+ MP+9
                  | Stlth+}
 13305 | Zot      | Reached skill level 15 in Armour
 13311 | Zot      | Reached skill level 24 in Shields
 13405 | Zot      | Noticed an ancient lich
 13416 | Zot      | Killed an ancient lich
 13528 | Zot      | Noticed an ancient lich
 13546 | Zot      | Killed an ancient lich
 13557 | Zot      | Reached skill level 25 in Shields
 13879 | Zot      | Noticed an ancient lich
 13885 | Zot      | Killed an ancient lich
 13966 | Zot      | Noticed an ancient lich
 13979 | Zot      | Killed an ancient lich
 14425 | Zot      | Noticed an orb of fire
 14426 | Zot      | Noticed an orb of fire
 14428 | Zot      | Reached skill level 26 in Shields
 14428 | Zot      | Gained mutation: You are frail. (-10% HP) [an orb of fire]
 14431 | Zot      | Gained mutation: Your magical capacity is low. (-10% MP)
                  | [an orb of fire]
 14435 | Zot      | Gained mutation: You are mostly covered in icy blue scales.
                  | (AC +3) [an orb of fire]
 14438 | Zot      | Noticed an orb of fire
 14440 | Zot      | Gained mutation: Your magical capacity is very low. (-20%
                  | MP) [an orb of fire]
 14445 | Zot      | Gained mutation: Your magical capacity is extremely low.
                  | (-30% MP) [an orb of fire]
 14447 | Zot      | Gained mutation: Your body sometimes deteriorates upon
                  | taking damage. [an orb of fire]
 14447 | Zot      | Gained mutation: You are weak. (Str -2) [an orb of fire]
 14452 | Zot      | Gained mutation: You often lose your temper in combat. [an
                  | orb of fire]
 14453 | Zot      | Gained mutation: You are clumsy. (Dex -2) [an orb of fire]
 14456 | Zot      | Gained mutation: Armour fits poorly on your strangely
                  | shaped body. [an orb of fire]
 14459 | Zot      | Gained mutation: Your body often deteriorates upon taking
                  | damage. [an orb of fire]
 14461 | Zot      | Killed an orb of fire
 14492 | Zot      | Gained mutation: You are very frail. (-20% HP) [an orb of
                  | fire]
 14492 | Zot      | HP: 7/154 [orb of fire/fireball (17)]
 14493 | Zot      | Killed from afar by an orb of fire

Skill      XL: |  1  2  3  4  5  6  7  8  9 10 11 12 13 14 15 16 17 18 19 20 21 22 23 24 25 26 27 |
---------------+----------------------------------------------------------------------------------+-----
Long Blades    | 2 3 4 5 8 10 12 13 14 15 16 17 18 | 18.8
Fighting       | 5 6 7 8 9 10 11 12 13 14 15 16 17 18 19 20 22 25 | 25.4
Armour         | 5 6 7 8 9 10 11 12 13 14 15 | 15.7
Shields        | 5 6 7 8 9 10 11 13 14 15 16 17 18 19 20 21 22 23 26 | 26.5
Dodging        | 1 2 3 4 5 6 8 |  8.3
Stealth        | 1 2 3 |  3.1
Invocations    | 4 6 8 9 10 11 12 13 14 15 16 17 | 17.2
Evocations     | 1 5 6 7 8 9 10 11 12 13 14 15 17 | 17.6
Throwing       | 1 4 6 7 9 10 11 12 13 | 13.4

Action                   |  1- 3 |  4- 6 |  7- 9 | 10-12 | 13-15 | 16-18 | 19-21 | 22-24 | 25-27 || total
-------------------------+-------+-------+-------+-------+-------+-------+-------+-------+-------++-------
Melee: Long sword        |    26 |       |   112 |   190 |   379 |   354 |   473 |    73 |       ||  1607
       Scimitar          |       |       |       |       |       |    15 |       |   236 |   404 ||   655
Throw: Tomahawk          |       |       |       |       |     6 |    13 |       |     5 |       ||    24
       Javelin           |       |       |       |       |       |       |       |       |     2 ||     2
Invok: Divine Shield     |       |       |       |     8 |    14 |    14 |    10 |     7 |    15 ||    68
       Cleansing Flame   |       |       |       |       |     7 |     1 |    14 |     7 |     6 ||    35
 Abil: Fly               |       |       |       |       |       |     1 |       |       |       ||     1
       Blink             |       |       |       |       |       |       |       |       |     2 ||     2
Evoke: Wand              |       |       |       |       |    22 |     9 |     8 |     6 |    10 ||    55
       Box of beasts     |       |       |       |       |       |       |       |     2 |       ||     2
       Lamp of fire      |       |       |       |       |       |       |       |     1 |       ||     1
       Phial of floods   |       |       |       |       |       |       |       |     1 |       ||     1
  Use: Potion            |     1 |       |       |     4 |     2 |     1 |     4 |     1 |    10 ||    23
       Scroll            |       |       |       |     4 |     3 |    16 |     6 |     9 |    13 ||    51
  Eat: Chunk             |       |       |     1 |     3 |     5 |     5 |     2 |     1 |     2 ||    19
       Ration            |       |       |       |     1 |     1 |     2 |     2 |     2 |     4 ||    12
Armor: Scale mail        |    18 |       |    27 |    28 |       |       |       |       |       ||    73
       Plate armour      |       |       |       |    30 |    87 |   145 |   231 |    65 |       ||   558
       Chain mail        |       |       |       |     4 |       |       |       |    65 |   134 ||   203
Dodge: Dodged            |    10 |       |    26 |    45 |    32 |    81 |    94 |    79 |   105 ||   472
Block: Shield            |    17 |       |    41 |   100 |   275 |   359 |   506 |   362 |   486 ||  2146
       Rpst.: Long sword |     2 |       |     9 |    15 |     7 |     8 |    21 |       |       ||    62
       Scimitar          |       |       |       |       |       |     1 |       |    13 |     8 ||    22
